 Dungeon Crawl Stone Soup version 0.25.0-9-g26727b657a (webtiles) character file.

Game seed: 7235878187451922069

50476 gruber the Stickfighter (level 14, -13/88 HPs)
             Began as a Gargoyle Gladiator on June 17, 2020.
             Was the Champion of Okawaru.
             Mangled by Frances
             ... wielding a +1 war axe of flaming
              (15 damage)
             ... on level 14 of the Dungeon.
             The game lasted 00:39:14 (19156 turns).

gruber the Stickfighter (Gargoyle Gladiator)       Turns: 19156, Time: 00:39:15

Health: -13/88     AC: 27    Str: 22    XL:     14   Next: 55%
Magic:  16/17      EV: 17    Int: 11    God:    Okawaru [******]
Gold:   1418       SH:  0    Dex: 21    Spells: 11/13 levels left

rFire    . . .     SeeInvis .   q - +2 quarterstaff (freeze)
rCold    . . .     Gourm    .   (shield currently unavailable)
rNeg     + + .     Faith    .   R - +1 troll leather armour
rPois    ∞         Spirit   .   a - +2 helmet {Int+3}
rElec    +         Reflect  .   J - +2 ratskin cloak {+Rats rPois rN+ Str-1 Int-1 Dex+1}
rCorr    .         Harm     .   U - +0 pair of fencer's gloves {Riposte Dex+3}
MR       ++...                  h - +0 pair of boots
Stlth    ++........             D - amulet of the acrobat
HPRegen  0.64/turn              Y - +6 ring of dexterity
MPRegen  0.15/turn              N - ring of protection from magic

@: no status effects
A: big wings, negative energy resistance 1, electricity resistance, unbreathing,
petrification resistance, rot immunity, AC +10
a: Fly, Heroism, Finesse, Renounce Religion, Evoke Ratskin


You were on level 14 of the Dungeon.
You worshipped Okawaru.
Okawaru was exalted by your worship.
You were not hungry.

You visited 2 branches of the dungeon, and saw 16 of its levels.
You also visited: Bailey and Ice Cave.

You collected 1418 gold pieces.

Inventory:

Hand Weapons
 q - a +2 quarterstaff of freezing (weapon)
 L - a +2 vampiric trident
Missiles
 d - 4 throwing nets (quivered)
 B - 90 poisoned darts
 I - 291 arrows
 Q - 4 atropa-tipped darts
Armour
 a - a +2 helmet of intelligence (worn)
 h - a +0 pair of boots (worn)
 J - the +2 ratskin cloak (worn) {+Rats rPois rN+ Str-1 Int-1 Dex+1}
   (You found it on level 7 of the Dungeon)

   It affects your strength (-1).
   It affects your intelligence (-1).
   It affects your dexterity (+1).
   It protects you from poison.
   It protects you from negative energy.
 R - a +1 troll leather armour (worn)
 U - the +0 pair of fencer's gloves (worn) {Riposte Dex+3}
   (Okawaru gifted it to you in a bailey)

   It affects your dexterity (+3).
Jewellery
 u - an uncursed amulet of regeneration {unknown}
 D - an amulet of the acrobat (around neck)
 N - a ring of protection from magic (right hand)
 O - an uncursed ring of wizardry
 Y - a +6 ring of dexterity (left hand)
Wands
 b - a wand of iceblast (12)
 c - a wand of disintegration (8)
 s - a wand of digging (7)
 t - a wand of polymorph (19)
 y - a wand of random effects (40)
 G - a wand of flame (11)
 Z - a wand of acid (2)
Scrolls
 i - 4 scrolls of blinking
 j - 2 scrolls of immolation
 k - a scroll of vulnerability {unknown}
 m - 4 scrolls of magic mapping
 p - 4 scrolls of remove curse
 r - 4 scrolls of fear
 E - a scroll of silence {unknown}
 P - 2 scrolls of fog {unknown}
 S - a scroll of holy word {unknown}
 W - 3 scrolls of noise {unknown}
 X - 3 scrolls of teleportation {unknown}
Potions
 e - a potion of haste
 g - 6 potions of curing
 l - a potion of ambrosia
 n - a potion of cancellation {unknown}
 o - a potion of flight {unknown}
 w - 3 potions of invisibility {unknown}
 z - a potion of mutation {unknown}
 A - 3 potions of might
 C - 2 potions of heal wounds
 F - a potion of resistance
 K - 3 potions of stabbing
 M - a potion of magic
 T - 3 potions of lignification
Miscellaneous
 V - a lightning rod (inert)
Comestibles
 f - 16 rations


   Skills:
 - Level 10.2 Fighting
 * Level 17.6 Staves
 - Level 1.7 Throwing
 - Level 12.3 Armour
 - Level 6.0 Dodging
 - Level 5.0 Evocations


You had 11 spell levels left.
You knew the following spells:

 Your Spells              Type           Power        Failure   Level  Hunger
a - Blink                 Tloc           N/A          52%         2    ###....

Your spell library contained the following spells:

 Spells                   Type           Power        Failure   Level  Hunger
 Animate Skeleton         Necr           N/A          36%         1    ##.....
 Freeze                   Ice            #...         36%         1    ##.....
 Magic Dart               Conj           #...         36%         1    ##.....
 Pain                     Necr           #...         36%         1    ##.....
 Shock                    Conj/Air       #...         36%         1    ##.....
 Call Imp                 Summ           #.......     52%         2    ###....
 Poisonous Vapours        Pois/Air       #.....       52%         2    ###....
 Slow                     Hex            #.......     52%         2    ###....
 Swiftness                Chrm/Air       #.......     52%         2    ###....
 Conjure Flame            Conj/Fire      #.......     75%         3    ####...
 Frozen Ramparts          Ice            #.....       75%         3    ####...
 Mephitic Cloud           Conj/Pois/Air  #.......     75%         3    ####...
 Ozocubu's Armour         Chrm/Ice       #.......     75%         3    ####...
 Static Discharge         Conj/Air       #.......     75%         3    ####...
 Vampiric Draining        Necr           #.........   75%         3    ####...
 Airstrike                Air            #.........   98%         4    #####..
 Animate Dead             Necr           N/A          98%         4    #####..
 Hailstorm                Conj/Ice       #.......     98%         4    #####..
 Summon Ice Beast         Ice/Summ       #.......     98%         4    #####..
 Agony                    Necr           #.......     100%        5    ######.
 Lightning Bolt           Conj/Air       #.........   100%        5    ######.
 Freezing Cloud           Conj/Ice/Air   #.........   100%        6    #######
 Ring of Flames           Chrm/Fire      #.........   100%        7    #######


Dungeon Overview and Level Annotations

Branches:
Dungeon (15/15)            Temple (1/1) D:7            Lair (0/6) D:10
    Orc (0/2) D:12         Vaults (0/5) D:14         Bailey (visited)
  IceCv (visited)
 Depths: D:15

Altars:
Ashenzari
Cheibriados
Dithmenos
Elyvilon
Fedhas
Gozag
Hepliaklqana
Kikubaaqudgha
Makhleb
Nemelex Xobeh
Okawaru
Qazlal
Ru
Sif Muna
Trog
Uskayaw
Vehumet
Wu Jian
Xom
Yredelemnul
Zin
The Shining One

Shops:
D:5 =

Annotations:
D:8 1 runed translucent door, theswoord's ghost, novice DsGl
D:11 3 runed translucent doors, Cegeop's ghost, journeyman HOFi
D:14 Frances


Innate Abilities, Weirdness & Mutations

You are resistant to torment.
Your stone body is resilient. (AC +10)
You are immune to poison.
Your large and strong wings let you fly indefinitely.
You resist negative energy. (rN+)
You are resistant to electric shocks. (rElec)
You can survive without breathing.
You are immune to petrification.
You are immune to rotting.


Message History

Frances hits you with a +1 war axe of flaming!
* * * LOW HITPOINT WARNING * * *
Frances burns you.
* * * LOW HITPOINT WARNING * * *
Unknown command.
Unknown command.
Evoke which item? (* to show all) (? for menu, Esc to quit)
Aiming: Disintegrate
Press: ? - help, Shift-Dir - straight line, f/p - Frances
Aim: Frances, wielding a +1 war axe of flaming and wearing a +2 leather armour of cold resistance (almost dead, fast, slow, misshapen and mutated, chance to defeat MR: 42%) Frances is blasted!
Frances barely misses you.
Unknown command.
Unknown command.
Evoke which item? (* to show all) (? for menu, Esc to quit)
Aiming: Disintegrate
Press: ? - help, Shift-Dir - straight line, f/p - Frances
Aim: Frances, wielding a +1 war axe of flaming and wearing a +2 leather armour of cold resistance (almost dead, fast, slow, misshapen and mutated, chance to defeat MR: 42%) Frances resists with some effort.
Frances hits you with a +1 war axe of flaming!
You die...

........#
..."....+
........#
........#
........#
<.......##
.........#
..######@# #@#
##.##
#####...#######
......∩.......#
#####...#####.#
##.## #.# #.#
#.# #.######.#
#.....#..#


You could see Frances (fast, slow, misshapen).

Vanquished Creatures
  Gastronok (D:12)
  A frost giant (IceCv)
  A vampire knight (D:12)
  Nessos (D:14)
  Josephine (D:10)
  3 hydras
  8 vault guards (D:14)
  3 centaur warriors
  5 two-headed ogres
  2 tengu warriors (D:14)
  8 ugly things
  An orc knight (D:11)
  A wolf spider (D:14)
  A cyclops (D:15)
  Maurice (D:12)
  An ice statue (IceCv)
  A spiny frog (shapeshifter) (D:12)
  A rime drake (IceCv)
  3 yaktaurs
  An efreet (D:15)
  4 trolls
  A meliai (D:14)
  12 polar bears (IceCv)
  A raiju (shapeshifter) (D:12)
  3 hippogriffs
  5 slime creatures
  2 centaur simulacra
  3 wraiths
  A shadow (D:15)
  A wyvern (D:9)
  26 yaks
  A basilisk (D:15)
  3 hungry ghosts
  A soldier ant (D:12)
  2 insubstantial wisps (D:10)
  A water moccasin (D:12)
  An acid dragon (D:12)
  6 orc warriors
  4 sky beasts
  A black bear (D:12)
  2 ice beasts
  4 ogres
  A phantom (D:5)
  5 necrophages
  An eye of draining (D:9)
  14 wolves (IceCv)
  15 centaurs
  A crocodile (D:11)
  2 big kobolds
  5 bullfrogs
  A wyvern zombie (D:11)
  A gnoll sergeant (D:4)
  A wyvern skeleton (D:12)
  A scorpion (D:10)
  A killer bee (D:7)
  4 wights
  An electric eel (D:7)
  12 howler monkeys
  8 crimson imps
  3 centaur zombies
  2 quasits
  A bullfrog zombie (D:7)
  5 jellies
  3 bullfrog skeletons
  4 centaur skeletons
  4 orc priests
  5 hounds
  8 iguanas
  13 orc wizards
  A hell rat (D:7)
  18 worker ants
  A killer bee zombie (D:8)
  A hound skeleton (D:7)
  2 mummies
  A worker ant zombie (D:11)
  14 gnolls
  10 adders
  6 river rats (D:7)
  4 shadow imps
  An ooze (D:4)
  2 adder zombies
  3 adder skeletons
  A worm (D:4)
  2 dart slugs (D:1)
  8 leopard geckos
  74 orcs
  5 giant cockroaches
  8 goblins
  5 hobgoblins
  9 jackals
  7 quokkas
  A ball python (D:3)
  9 bats
  6 frilled lizards
  2 gnoll zombies (D:5)
  A jackal skeleton (D:8)
  19 kobolds
  26 rats
  A plant (D:3)
500 creatures vanquished.

Vanquished Creatures (collateral kills)
  Erica (D:10)
  3 two-headed ogres
  An ugly thing (D:10)
  A cyclops (D:11)
  A centaur skeleton (D:15)
  A kobold demonologist (D:10)
  A troll (D:10)
  A hippogriff (D:9)
  13 yaks
  A shadow (D:11)
  3 wraiths (D:10)
  A steam dragon (D:10)
  2 acid dragons
  9 orc warriors
  2 sky beasts (D:10)
  4 ogres
  3 centaurs
  3 big kobolds
  5 bullfrogs
  3 killer bees
  3 wights (D:11)
  A quasit (D:8)
  A jelly (D:10)
  2 orc priests
  2 bullfrog skeletons
  2 orc wizards
  An adder (D:10)
  A shadow imp (D:12)
  A leopard gecko (D:8)
  18 orcs
  7 kobolds (D:10)
98 creatures vanquished.

Vanquished Creatures (others)
  An orc wizard (D:7)
  A plant (D:2)
2 creatures vanquished.

Grand Total: 600 creatures vanquished

Notes
Turn   | Place    | Note
-------+----------+-------------------------------------------
     0 | D:1      | gruber the Gargoyle Gladiator began the quest for the Orb.
     0 | D:1      | Reached XP level 1. HP: 12/12 MP: 1/1
   147 | D:1      | Reached XP level 2. HP: 17/17 MP: 2/2
   431 | D:1      | Reached skill level 4 in Staves
   579 | D:1      | Reached XP level 3. HP: 21/21 MP: 3/3
   811 | D:2      | Found a stormy altar of Qazlal.
  1133 | D:2      | Reached XP level 4. HP: 26/26 MP: 4/4
  1143 | D:2      | Reached skill level 5 in Staves
  1319 | D:2      | Learned a level 2 spell: Blink
  1504 | D:2      | Found a bloodstained altar of Trog.
  1654 | D:2      | Found a glowing silver altar of Zin.
  1662 | D:2      | Reached XP level 5. HP: 18/30 MP: 5/5
  2332 | D:3      | Reached skill level 6 in Staves
  2447 | D:3      | Found a sparkling altar of Nemelex Xobeh.
  3363 | D:4      | Reached XP level 6. HP: 35/35 MP: 6/6
  3738 | D:4      | Reached skill level 7 in Staves
  4265 | D:4      | Reached XP level 7. HP: 37/40 MP: 7/7
  4732 | D:5      | Entered Level 5 of the Dungeon
  4742 | D:5      | Reached skill level 8 in Staves
  5172 | D:5      | Reached skill level 9 in Staves
  5209 | D:5      | Reached XP level 8. HP: 34/44 MP: 8/8
  5638 | D:5      | Found Dycil's Jewellery Shoppe.
  5815 | D:5      | Found a basalt altar of Yredelemnul.
  6116 | D:6      | Found a snail-covered altar of Cheibriados.
  6169 | D:6      | Reached skill level 5 in Armour
  6571 | D:6      | You fall into a shaft and drop 2 floors!
  6661 | D:7      | Found a staircase to the Ecumenical Temple.
  6677 | Temple   | Entered the Ecumenical Temple
  6981 | Temple   | Became a worshipper of Warmaster Okawaru
  7019 | Temple   | Reached XP level 9. HP: 32/48 MP: 9/9
  7496 | D:7      | Reached skill level 5 in Dodging
  8160 | D:7      | Found a sparkling altar of Nemelex Xobeh.
  8338 | D:7      | Reached * piety under Okawaru
  8822 | D:7      | Found the +2 ratskin cloak {+Rats rPois rN+ Str-1 Int-1
                  | Dex+1}
  9388 | D:8      | Reached skill level 5 in Fighting
  9509 | D:8      | Reached skill level 1 in Evocations
  9668 | D:8      | Reached ** piety under Okawaru
  9717 | D:8      | Found a snail-covered altar of Cheibriados.
  9865 | D:8      | Found a runed translucent door.
  9865 | D:8      | Found a shimmering altar of Xom.
  9865 | D:8      | Noticed theswoord's ghost (novice DsGl)
  9865 | D:8      | Noticed a +2 short sword of chaos
  9952 | D:8      | Reached XP level 10. HP: 39/59 MP: 8/12
 10192 | D:8      | Found a hazy altar of Hepliaklqana.
 10474 | D:9      | Got a warped copper amulet
 10689 | D:9      | Reached skill level 5 in Evocations
 10876 | D:9      | Reached *** piety under Okawaru
 10974 | D:9      | Noticed a two-headed ogre
 10993 | D:9      | Killed a two-headed ogre
 10993 | D:9      | Reached **** piety under Okawaru
 11010 | D:9      | Identified the amulet of Greed {Faith rElec MR- Str+6} (You
                  | found it on level 9 of the Dungeon)
 11261 | D:9      | Found a shimmering blue altar of Sif Muna.
 11287 | D:9      | Found a shattered altar of Ashenzari.
 11615 | D:10     | Entered Level 10 of the Dungeon
 11619 | D:10     | Noticed a two-headed ogre
 11631 | D:10     | Killed a two-headed ogre
 11759 | D:10     | Noticed Erica
 11768 | D:10     | Killed Erica
 11768 | D:10     | Reached ***** piety under Okawaru
 11768 | D:10     | Reached skill level 10 in Fighting
 11768 | D:10     | Reached XP level 11. HP: 72/72 MP: 7/14
 12032 | D:10     | Received a gift from Okawaru
 12497 | D:10     | Found a staircase to the Lair.
 12547 | D:10     | Noticed a two-headed ogre
 12573 | D:10     | Reached skill level 10 in Staves
 12677 | D:10     | Received a gift from Okawaru
 12741 | D:10     | Noticed a cyan ugly thing
 12787 | D:10     | Killed a two-headed ogre
 12787 | D:10     | Received a gift from Okawaru
 12942 | D:10     | Killed a cyan ugly thing
 13038 | D:10     | Reached skill level 11 in Staves
 13040 | D:10     | Noticed Josephine
 13058 | D:10     | Killed Josephine
 13269 | D:11     | Found a flagged portal.
 13318 | Bailey   | Entered a bailey
 13513 | Bailey   | Received a gift from Okawaru
 13514 | Bailey   | Found the +0 pair of fencer's gloves {Riposte Dex+3}
 13762 | Bailey   | Identified the ring "Buzeihol" {rElec MR- EV+4 Dex-2 SInv}
 13890 | Bailey   | Reached skill level 12 in Staves
 14263 | D:11     | Noticed a cyclops
 14302 | D:11     | Killed a cyclops
 14371 | D:11     | Found a runed translucent gate.
 14371 | D:11     | Found a runed translucent gate.
 14371 | D:11     | Found a runed translucent gate.
 14383 | D:11     | Reached XP level 12. HP: 77/77 MP: 15/15
 14397 | D:11     | Noticed a two-headed ogre
 14409 | D:11     | Killed a two-headed ogre
 14562 | D:11     | Noticed a two-headed ogre
 14857 | D:11     | Noticed Cegeop's ghost (journeyman HOFi)
 14914 | D:11     | Killed a two-headed ogre
 14917 | D:11     | Reached skill level 10 in Armour
 15275 | D:12     | Noticed a five-headed hydra
 15277 | D:12     | Noticed a two-headed ogre
 15299 | D:12     | Killed a five-headed hydra
 15320 | D:12     | Killed a two-headed ogre
 15404 | D:12     | Found a stormy altar of Qazlal.
 15517 | D:12     | Noticed Maurice
 15556 | D:12     | Killed Maurice
 15633 | D:12     | Found a staircase to the Orcish Mines.
 15699 | D:12     | Found a frozen archway.
 15734 | IceCv    | Entered an ice cave
 15808 | IceCv    | Reached ****** piety under Okawaru
 15885 | IceCv    | Received a gift from Okawaru
 16039 | IceCv    | Reached skill level 13 in Staves
 16451 | IceCv    | Reached XP level 13. HP: 56/82 MP: 16/16
 16701 | IceCv    | Noticed a frost giant
 16800 | IceCv    | Received a gift from Okawaru
 16864 | IceCv    | Killed a frost giant
 16864 | IceCv    | Reached skill level 14 in Staves
 17056 | D:12     | Noticed Gastronok
 17267 | D:12     | Noticed a vampire knight
 17291 | D:12     | Killed a vampire knight
 17495 | D:12     | Killed Gastronok
 17495 | D:12     | Reached skill level 15 in Staves
 17649 | D:13     | You fall into a shaft and drop 2 floors!
 17649 | D:15     | Entered Level 15 of the Dungeon
 17649 | D:15     | Found an ancient bone altar of Kikubaaqudgha.
 18121 | D:15     | Received a gift from Okawaru
 18142 | D:15     | Reached skill level 16 in Staves
 18284 | D:15     | Gained mutation: Your large and strong wings let you fly
                  | indefinitely. [Gargoyle growth]
 18284 | D:15     | Reached XP level 14. HP: 62/88 MP: 15/17
 18663 | D:14     | Noticed Nessos
 18670 | D:14     | Received a gift from Okawaru
 18675 | D:14     | Reached skill level 17 in Staves
 18699 | D:14     | Killed Nessos
 19101 | D:14     | Found a gate to the Vaults.
 19122 | D:14     | Noticed Frances
 19154 | D:14     | HP: 1/88 [Frances/+1 war axe of flaming (5)]
 19156 | D:14     | Mangled by Frances

Illustrated notes

Levels and vault maps discovered:
D:1:      nzn_arrival_settlement, layout_basic
D:2:      layout_loops_corners, old_standard_altar,
          lemuel_coloured_pillars_altar, lemuel_doored_altar, serial_forest,
          infiniplex_forest_clump_medium, infiniplex_forest_clump_medium,
          infiniplex_forest_straight_4, infiniplex_forest_clump_tiny,
          infiniplex_forest_clump_C, infiniplex_forest_lined_3,
          infiniplex_forest_lined_4_way, infiniplex_forest_end_1
D:3:      layout_loops_cross, nemelex_xobeh_ov_fountains_minmay, serial_forest,
          infiniplex_forest_clump_long, infiniplex_forest_clump_cross,
          infiniplex_forest_end_3, infiniplex_forest_clump_diagonal,
          infiniplex_forest_clump_double, infiniplex_forest_lined_2,
          infiniplex_forest_3_way, minmay_box_of_dots
D:4:      minmay_thinvault, layout_gridville, first_ration
D:5:      layout_cave_pools, lemuel_zombie_altar_yredelemnul, serial_shops, shop
D:6:      layout_rooms, kennysheep_mini_moat, kennysheep_generic_room_3
D:7:      wander_guarded_unrand_ratskin, layout_basic,
          minmay_temple_entry_ruins, serial_undead, serial_undead_d,
          serial_undead_c, serial_undead_d, serial_undead_d, grunt_ogre_cave,
          nrook_pool_corridor, nemelex_lonely_heart_becter
D:8:      layout_loops_corners, marbit_many_paths, ebering_ghost_xom,
          special_room [special_room_orc], cheibriados_altar_1
D:9:      layout_loops_ring, minitemple
D:10:     kennysheep_windowed_halls, layout_long_grid, lair_entry_dummy,
          hangedman_misty_isle, uniq_erica, uniq_josephine
D:11:     layout_irregular_city, enter_bailey_2, ebering_ghost_rock_garden,
          minmay_fractal_squares_gapless_7
D:12:     kennysheep_green_arena, layout_cave_pools, orc_0_dummy,
          portal_ice_cave_entry_pillars_1, nicolae_qazlal_style_of_elements,
          uniq_maurice, uniq_gastronok
D:13:     minmay_razor_zed, layout_loops_ring, hangedman_corner_corridor
D:14:     kennysheep_tiny_hell, layout_gridville, erik_vaults_2,
          hangedman_glass_teeth, uniq_louise, uniq_nessos, uniq_frances
D:15:     hangedman_depths_entry_try_elsewhere_first, layout_basic, basic_altar,
          roderic_lattice_octagonal_star, skrybe_limestone_x
Temple:   nicolae_temple_figure_eight

Skill      XL: |  1  2  3  4  5  6  7  8  9 10 11 12 13 14 |
---------------+-------------------------------------------+-----
Staves         | 4 5 6 7 9 12 13 16 17 | 17.6
Armour         | 2 7 8 12 | 12.3
Dodging        | 3 6 |  6.0
Fighting       | 5 10 | 10.2
Evocations     | 2 5 |  5.0
Throwing       | |  1.7

Action                   |  1- 3 |  4- 6 |  7- 9 | 10-12 | 13-15 || total
-------------------------+-------+-------+-------+-------+-------++-------
Melee: Quarterstaff      |    73 |   207 |       |    73 |   524 ||   877
       Spear             |       |   114 |   842 |       |       ||   956
       Trident           |       |       |     5 |   957 |       ||   962
       Punch             |       |       |       |     3 |       ||     3
Throw: Throwing net      |       |     2 |     1 |     4 |       ||     7
       Dart              |       |       |     1 |       |       ||     1
Invok: Heroism           |       |       |       |     2 |    14 ||    16
       Finesse           |       |       |       |       |     1 ||     1
 Abil: Evoke Ratskin     |       |       |    14 |   127 |    10 ||   151
Evoke: Wand              |       |       |    11 |       |    25 ||    36
       Lightning rod     |       |       |       |       |     4 ||     4
  Use: Potion            |       |     1 |     1 |       |     2 ||     4
       Scroll            |       |       |       |    16 |     5 ||    21
 Stab: Held in net/web   |       |     4 |       |       |       ||     4
       Distracted        |       |       |       |     8 |       ||     8
  Eat: Chunk             |     1 |    10 |    17 |    55 |    14 ||    97
       Ration            |       |       |     2 |     3 |       ||     5
Armor: Leather armour    |    40 |    99 |       |       |       ||   139
       Ring mail         |       |    18 |    93 |       |       ||   111
       Scale mail        |       |       |   287 |   246 |       ||   533
       Troll leather arm |       |       |       |   291 |   171 ||   462
Dodge: Dodged            |    42 |   163 |   414 |   821 |   301 ||  1741
       Rpst.: Trident    |       |       |       |    92 |       ||    92
       Quarterstaff      |       |       |       |    15 |    52 ||    67
